 Dungeon Crawl Stone Soup version 0.30-a0-23-ge60ba3568b (webtiles) character file.

Game seed: 15899779123136267648

4238 ragingrage the Covert (level 10, -2/76 HPs)
             Began as a Vine Stalker Brigand on Aug 25, 2022.
             Was a Follower of Dithmenos.
             Slain by a spriggan
             ... wielding a +0 trident
              (5 damage)
             ... in a bailey.
             The game lasted 00:10:45 (7396 turns).

ragingrage the Covert (Vine Stalker Brigand)        Turns: 7396, Time: 00:10:46

Health: -2/76      AC:  2    Str: 13    XL:     10   Next: 30%
Magic:  0/20       EV: 11    Int: 11    God:    Dithmenos [*.....]
Gold:   283        SH:  5    Dex: 21    Spells: 9/9 levels left

rFire   + . .      SeeInvis .    a - +5 dagger (freeze)
rCold   + . .      Faith    .    (no shield)
rNeg    . . .      Spirit   +    k - +0 robe
rPois   .          Reflect  +    (no helmet)
rElec   .          Harm     .    L - scarf {rC+ rF+}
rCorr   .          Rampage  .    (no gloves)
Will    +....                    (no boots)
Stlth   ..........               g - amulet of reflection
HPRegen 1.02/turn                l - ring of magical power
MPRegen 0.17/turn                (no ring)

@: berserking, wreathed by umbra, very quick
A: fangs 3, regeneration 1, magic shield, antimagic bite, no potion heal 2
a: Renounce Religion


You were in a bailey.
You worshipped Dithmenos.
Dithmenos was aware of your devotion.
You visited 2 branches of the dungeon, and saw 8 of its levels.
You also visited: Sewer and Bailey.

You collected 379 gold pieces.
You spent 96 gold pieces at shops.

Inventory:

Hand Weapons
 a - a +5 dagger of freezing (weapon)
 b - a +2 short sword of holy wrath
 E - a +0 arbalest
Missiles
 d - 16 poisoned darts
 e - 6 curare-tipped darts (quivered)
 G - 2 throwing nets
Armour
 k - a +0 robe (worn)
 K - the +5 chain mail of Poor Excuses {Int+2}
   (You found it on level 7 of the Dungeon)

   Int:       It affects your intelligence (+2).
 L - a scarf of resistance (worn)
Jewellery
 g - an amulet of reflection (around neck)
 l - a ring of magical power (left hand)
 N - a +6 ring of dexterity
Wands
 q - a wand of quicksilver (8)
 r - a wand of mindburst (17)
 v - a wand of flame (18)
 A - a wand of polymorph (11)
Scrolls
 c - a scroll of enchant weapon {unknown}
 f - a scroll of magic mapping
 i - 2 scrolls of blinking {unknown}
 j - 3 scrolls of teleportation
 p - 2 scrolls of poison {unknown}
 s - a scroll of immolation {unknown}
 u - 4 scrolls of identify
 y - a scroll of noise {unknown}
 B - a scroll of torment {unknown}
 C - a scroll of butterflies {unknown}
 I - a scroll of silence {unknown}
 J - a scroll of enchant armour {unknown}
Potions
 h - a potion of mutation {unknown}
 m - 2 potions of flight {unknown}
 n - 3 potions of lignification
 o - 2 potions of magic {unknown}
 t - a potion of attraction {unknown}
 w - a potion of brilliance {unknown}
 x - a potion of heal wounds {unknown}
 z - a potion of invisibility {unknown}
 D - 4 potions of curing
 H - a potion of degeneration {unknown}
 M - a potion of might


   Skills:
 - Level 5.0 Fighting
 * Level 10.5 Short Blades
 - Level 1.7 Throwing
 - Level 0.7 Dodging
 + Level 11.4 Stealth


You had 9 spell levels left.
You didn't know any spells.
Your spell library was empty.

Dungeon Overview and Level Annotations

Branches:
Dungeon (7/15)             Temple (1/1) D:6           Sewer (visited)
 Bailey (1/1)

Altars:
Cheibriados
Dithmenos
Elyvilon
Fedhas
Gozag
Hepliaklqana
Kikubaaqudgha
Makhleb
Nemelex Xobeh
Okawaru
Sif Muna
Uskayaw
Wu Jian
Xom
The Shining One

Shops:
D:4 *


Innate Abilities, Weirdness & Mutations

You have razor-sharp teeth.
Your natural rate of healing is unusually fast.
When hurt, damage is shared between your health and your magic reserves.
Your bite disrupts and absorbs the magic of your enemies.
Potions cannot restore your health.


Message History

The spriggan is moderately wounded.
You hit the spriggan but do no damage. Your bite misses the spriggan.
The spriggan is moderately wounded.
The spriggan hits you with a +0 spear! The spriggan misses you. x2
Okay, then.
A red film seems to cover your vision as you go berserk!
You feel yourself moving faster!
You feel mighty! The spriggan hits you with a +0 spear.
The spriggan hits you with a +0 trident.
The spriggan barely misses you.
You closely miss the spriggan. Your bite misses the spriggan.
You block the ogre's attack.
You closely miss the spriggan. Your bite misses the spriggan.
You closely miss the spriggan. The spriggan hits you with a +0 spear!
* * * LOW HITPOINT WARNING * * *
You closely miss the spriggan. Your bite misses the spriggan.
The spriggan hits you with a +0 trident!!
* * * LOW HITPOINT WARNING * * *
The spriggan hits you from afar with a +0 trident.
* * * LOW HITPOINT WARNING * * *
You puncture the spriggan! You freeze the spriggan.
Your bite misses the spriggan.
The spriggan is heavily wounded.
You closely miss the spriggan. Your bite misses the spriggan.
The spriggan is heavily wounded.
The ogre closely misses you. The spriggan barely misses you.
You puncture the spriggan! You freeze the spriggan.
You kill the spriggan!
Dithmenos accepts your kill. The spriggan barely misses you.
The spriggan misses you.
Training target 5.0 for Fighting reached!
Your Fighting skill increases to level 5!
Things that are here:
a +0 spear; a spriggan corpse You puncture the ogre!
You freeze the ogre. You bite the ogre.
You kill the ogre!
Dithmenos accepts your kill. The spriggan barely misses you.
The spriggan hits you with a +0 trident!
You die... ######### ##.......## #.........## ....~~i....## .#♣♣#~####..## .. ##..## ii♣

♣#..# .. #)i#
. #@i# #..#
♣..# #..#
#♣.)# ♣#..##
.♣ ##).##
..##♣###♣..##
#.........##


You could see 2 spriggans.

Vanquished Creatures
  Pikel (D:4)
  A shadow (D:7)
  A wyvern (D:7)
  A spriggan (Bailey)
  6 yaks (D:5)
  Eustachio (D:5)
  Menkaure (D:5)
  Edmund (D:5)
  A sky beast (D:6)
  An orc warrior (D:7)
  Pargi (Sewer)
  3 black bears
  5 ogres
  2 lemures (D:4)
  A kobold brigand (D:7)
  7 wights (D:6)
  An electric eel (D:6)
  4 hounds
  3 orc priests
  A jelly (D:6)
  4 iguanas
  6 orc wizards
  6 adders
  10 gnolls
  4 worms
  A dart slug (D:1)
  32 orcs
  6 endoplasms
  6 giant cockroaches
  8 goblins
  7 hobgoblins
  7 jackals
  A quokka (D:2)
  7 ball pythons
  14 bats
  4 frilled lizards
  10 kobolds
  3 rats
179 creatures vanquished.

Notes
Turn   | Place    | Note
-------+----------+-------------------------------------------
     0 | D:1      | ragingrage the Vine Stalker Brigand began the quest for the
                  | Orb.
     0 | D:1      | Reached XP level 1. HP: 11/11 MP: 2/2
    54 | D:1      | Reached skill level 5 in Stealth
    93 | D:1      | Reached XP level 2. HP: 14/15 MP: 3/3
   882 | D:1      | Reached XP level 3. HP: 13/18 MP: 4/4
  2027 | D:2      | Gained mutation: Your natural rate of healing is unusually
                  | fast. [Vine Stalker growth]
  2027 | D:2      | Reached XP level 4. HP: 13/23 MP: 5/5
  2530 | D:3      | Identified the +0 scale mail of the Loofah {Int+3 SInv}
  3043 | D:4      | Reached XP level 5. HP: 26/26 MP: 6/6
  3070 | D:4      | Reached skill level 6 in Stealth
  3115 | D:4      | Noticed a black bear
  3248 | D:4      | Killed a black bear
  3249 | D:4      | Reached XP level 6. HP: 26/30 MP: 7/7
  3489 | D:4      | Noticed Pikel
  3515 | D:4      | Killed Pikel
  3516 | D:4      | Reached skill level 7 in Stealth
  3516 | D:4      | Reached XP level 7. HP: 28/34 MP: 8/8
  3622 | D:4      | Found Xuwokoaj's Assorted Antiques.
  3679 | D:4      | Bought a worn bronze wand for 96 gold pieces
  3741 | D:4      | Reached skill level 8 in Stealth
  3983 | D:5      | Entered Level 5 of the Dungeon
  4001 | D:5      | Gained mutation: You have razor-sharp teeth. [Vine Stalker
                  | growth]
  4001 | D:5      | Reached XP level 8. HP: 32/38 MP: 9/9
  4033 | D:5      | Found a white marble altar of Elyvilon.
  4156 | D:5      | Noticed Eustachio
  4178 | D:5      | Killed Eustachio
  4179 | D:5      | Reached skill level 9 in Stealth
  4203 | D:5      | Noticed a yak
  4203 | D:5      | Noticed a yak
  4204 | D:5      | Noticed a yak
  4299 | D:5      | Noticed Menkaure
  4304 | D:5      | Killed Menkaure
  4335 | D:5      | Noticed Edmund
  4350 | D:5      | Killed Edmund
  4399 | D:5      | Found a glowing drain.
  4412 | Sewer    | Entered a sewer
  4444 | Sewer    | Noticed Pargi
  4458 | Sewer    | Killed Pargi
  4459 | Sewer    | Reached XP level 9. HP: 32/43 MP: 10/10
  5038 | D:5      | Reached skill level 10 in Stealth
  5434 | D:6      | Found a staircase to the Ecumenical Temple.
  5445 | Temple   | Entered the Ecumenical Temple
  5474 | Temple   | Became a worshipper of Dithmenos the Shadowed
  6900 | D:6      | Reached XP level 10. HP: 44/51 MP: 11/11
  7040 | D:7      | Identified the +5 chain mail of Poor Excuses {Int+2}
  7092 | D:7      | Reached skill level 10 in Short Blades
  7092 | D:7      | Reached skill level 11 in Stealth
  7134 | D:7      | Reached * piety under Dithmenos
  7316 | D:7      | Found a flagged portal.
  7341 | D:7      | Identified the +5 halberd "Reut" {vorpal, rC+}
  7344 | Bailey   | Entered a bailey
  7391 | Bailey   | HP: 2/76 [spriggan/+0 trident (16)]
  7395 | Bailey   | Reached skill level 5 in Fighting
  7396 | Bailey   | Slain by a spriggan

Illustrated notes

Levels and vault maps discovered:
D:1:      minmay_arrival_doors, layout_rooms
D:2:      layout_loops_cross
D:3:      layout_basic, minmay_bisected
D:4:      layout_basic, serial_shops, shop, uniq_pikel
D:5:      layout_basic, lemuel_round_altar, cheibrodos_sewer_entry_bend,
          nrook_mini_backslash, uniq_menkaure, uniq_eustachio, uniq_edmund
D:6:      layout_basic, minmay_temple_entry_tees, nrook_pool_corridor
D:7:      layout_basic, enter_bailey_2, kennysheep_flooded_box
Temple:   compressed_dpeg_triangle_lava_temple
Bailey:   bailey_polearm_enchanted_keep_hellmonk, bailey

Skill      XL: |  1  2  3  4  5  6  7  8  9 10 |
---------------+-------------------------------+-----
Short Blades   | 2 3 4 6 8 9 10 | 10.5
Stealth        | 5 6 7 8 9 10 11 | 11.4
Fighting       | 2 4 5 |  5.0
Throwing       | |  1.7
Dodging        | |  0.7

Action                   |  1- 3 |  4- 6 |  7- 9 | 10-12 || total
-------------------------+-------+-------+-------+-------++-------
Melee: Dagger            |    67 |   131 |   323 |    71 ||   592
       Bite              |    28 |    48 |   121 |    25 ||   222
       Punch             |     1 |     5 |     4 |     3 ||    13
       Short sword       |    58 |    54 |       |       ||   112
Throw: Dart              |       |     9 |     8 |     2 ||    19
Evoke: Wand              |       |       |     8 |       ||     8
  Use: Scroll            |       |     3 |       |       ||     3
       Potion            |       |       |     1 |     1 ||     2
 Stab: Sleeping          |     9 |     8 |    10 |     3 ||    30
       Distracted        |       |       |     2 |     2 ||     4
Armor: Robe              |    33 |    18 |    18 |     3 ||    72
       Skin              |       |       |     6 |       ||     6
Dodge: Dodged            |    83 |    38 |    61 |    27 ||   209
Block: Other             |       |    24 |    13 |     7 ||    44

Table legend: (Time is in decaauts)
 A = Elapsed time spent in this place.
 B = Non-inter-level travel time spent in this place.
 C = Inter-level travel time spent in this place.
 D = Time resting spent in this place.
 E = Time spent auto-exploring this place.
 F = Levels seen in this place.
 G = Mean time per level.
                   A        B        C        D        E       F      G
               +--------+--------+--------+--------+--------+-----+--------+
         Total |   7081 |   6876 |    205 |   1330 |   3759 |  10 |  708.1 |
       Dungeon |   6913 |   6716 |    197 |   1330 |   3724 |   7 |  987.6 |
        Temple |     38 |     30 |      8 |      0 |      0 |   1 |   38.0 |
         Sewer |     84 |     84 |      0 |      0 |     29 |   1 |   84.0 |
        Bailey |     45 |     45 |      0 |      0 |      6 |   1 |   45.0 |
               +--------+--------+--------+--------+--------+-----+--------+

Top non-repeatable levels by time:
     D:6: 1600 daAuts
     D:1: 1503 daAuts
     D:5: 1139 daAuts
     D:4: 870 daAuts
     D:3: 766 daAuts
     D:2: 738 daAuts
     D:7: 294 daAuts
   Sewer: 84 daAuts
  Bailey: 45 daAuts
  Temple: 38 daAuts
